 Dungeon Crawl Stone Soup version 0.30-b1-2-g02819fbbbe (webtiles) character file.

Game seed: 6073617664196996030

3829 Arcadio the Magician (level 9, 0/68 (70) HPs)
             Began as a Green Draconian Fire Elementalist on May 8, 2023.
             Was a Follower of Vehumet.
             Slain by a hornet (14 damage)
             ... on level 10 of the Dungeon.
             The game lasted 00:26:41 (9560 turns).

Arcadio the Magician (DrFE)                         Turns: 9560, Time: 00:26:41

HP:   0/68 (70)     AC:  6    Str: 16    XL:     9   Next: 97%
MP:   20/20         EV: 14    Int: 26    God:    Vehumet [*.....]
Gold: 61            SH:  0    Dex: 12    Spells: 6/22 levels left

rFire   . . .        J - +2 whip (drain)
rCold   . . .        (no shield)
rNeg    . . .        (body armour unavailable)
rPois   +            (helmet restricted)
rElec   .            l - +0 cloak
rCorr   .            h - +0 pair of gloves
SInv    .            b - +0 pair of boots
Will    .....        (no amulet)
Stlth   ++           n - +6 ring of strength
HPRegen 0.31/turn    D - +6 ring of intelligence
MPRegen 0.17/turn

%: no passive effects
@: marked, corroded, lightly drained
A: breathe noxious fumes, AC +7, unfitting armour, poison resistance,
cold-blooded
a: Breathe Noxious Fumes, Renounce Religion


You were on level 10 of the Dungeon.
You worshipped Vehumet.
Vehumet was aware of your devotion.
You visited 2 branches of the dungeon, and saw 10 of its levels.
You also visited: Bailey.

You collected 341 gold pieces.
You spent 280 gold pieces at shops.

Inventory:

Hand Weapons
 c - a +1 short sword of venom
 i - a +2 dagger of electrocution
 r - a +2 dagger of venom
 x - the +11 hand axe of Nul Cao {antimagic, Drain Will+++ Int+3}
   (You found it on level 4 of the Dungeon)

   Int:       It affects your intelligence (+3).
   Drain:     It drains your maximum health when unequipped.
   Will:      It greatly increases your willpower.
 I - a +5 great sword
 J - a +2 whip of draining (weapon)
Armour
 b - a +0 pair of boots (worn)
 h - a +0 pair of gloves (worn)
 l - a +0 cloak (worn)
Magical Staves
 z - a staff of conjuration
Jewellery
 n - a +6 ring of strength (left hand)
 D - a +6 ring of intelligence (right hand)
 H - a ring of protection from fire
Wands
 g - a wand of flame (25)
 A - a wand of quicksilver (13)
 G - a wand of iceblast (3)
Scrolls
 d - 6 scrolls of enchant armour
 e - 5 scrolls of teleportation
 m - 2 scrolls of poison {unknown}
 o - a scroll of blinking
 p - 2 scrolls of enchant weapon
 q - 2 scrolls of magic mapping
 w - a scroll of amnesia {unknown}
 y - a scroll of acquirement {unknown}
 B - a scroll of fog {unknown}
 F - a scroll of silence {unknown}
Potions
 a - a potion of magic
 f - 3 potions of curing
 j - a potion of resistance
 k - 2 potions of brilliance
 s - a potion of berserk rage
 t - a potion of might
 u - a potion of flight {unknown}
 v - a potion of mutation {unknown}
 C - a potion of lignification {unknown}
 E - 5 potions of attraction {unknown}


   Skills:
 + Level 3.6 Fighting
 + Level 7.3 Dodging
 - Level 1.9 Stealth
 + Level 7.4 Spellcasting
 + Level 5.5 Conjurations
 - Level 7.1 Fire Magic


You had 6 spell levels left.
You knew the following spells:

 Your Spells              Type           Power      Damage    Failure   Level
a - Foxfire               Conj/Fire      100%       2x1d9     1%          1
b - Scorch                Fire           94%        2d9       1%          2
c - Inner Flame           Hex/Fire       28%        N/A       4%          3
d - Flame Wave            Conj/Fire      42%        2d11      4%          4
e - Fireball              Conj/Fire      21%        3d10      12%         5
f - Apportation           Tloc           18%        N/A       6%          1

Your spell library contained the following spells:

 Spells                   Type           Power      Damage    Failure   Level
 Sandblast                Erth           18%        2d7       6%          1
 Volatile Blastmotes      Fire/Tloc      56%        2d14      4%          3
 Stone Arrow              Conj/Erth      46%        3d9       6%          3
 Ignite Poison            Fire/Tmut/Pois 22%        N/A       7%          3
 Blink                    Tloc           18%        N/A       9%          2
 Cigotuvi's Dreadful Rot  Necr/Pois/Air  18%        N/A       9%          2
 Manifold Assault         Tloc           9%         N/A       52%         4
 Freezing Cloud           Conj/Ice/Air   9%         6-21      61%         5
 Alistair's Intoxication  Tmut/Pois      6%         N/A       86%         5
 Conjure Ball Lightning   Conj/Air       11%        3x3d6     96%         6
 Iron Shot                Conj/Erth      11%        9d3       96%         6
 Spellforged Servitor     Conj/Summ      11%        N/A       100%        7
 Storm Form               Tmut/Air       4%         N/A       100%        7
 Animate Armour           Summ/Erth      Unusable   N/A       N/A         4

Dungeon Overview and Level Annotations

Branches:
Dungeon (8/15) Zot: 26857  Temple (1/1) D:7 Zot: 5764    Lair (0/5) D:10
 Bailey (visited)

Altars:
Ashenzari
Dithmenos
Elyvilon
Fedhas
Gozag
Hepliaklqana
Kikubaaqudgha
Makhleb
Nemelex Xobeh
Okawaru
Qazlal
Ru
Sif Muna
Trog
Vehumet
Wu Jian
Yredelemnul
Zin
The Shining One

Shops:
D:6 :   D:7 ?


Innate Abilities, Weirdness & Mutations

You can breathe blasts of noxious fumes.
Your lurid green scales are hard. (AC +7)
You cannot fit into any form of body armour.
Your system is resistant to poisons. (rPois)
You are cold-blooded and may be slowed by cold attacks.


Message History

The killer bee poisons you!
You fall into a shaft and drop 2 floors!
The shaft crumbles and collapses.
You feel sick.
You start resting.
You feel sick. x8
You are no longer poisoned.
You start resting.
HP restored.
E - 5 sedimented cyan potions (gained 2)
Okay, then.
There is a stone staircase leading down here.
A gargoyle comes into view. It is wielding a +0 morningstar.
Aiming: Breathe Noxious Fumes (4% risk of failure)
Press: ? - help, Shift-Dir - straight line, f - gargoyle
Aim: a gargoyle, wielding a +0 morningstar (81% to hit)
You exhale a blast of noxious fumes.
The blast of choking fumes hits the gargoyle but does no damage.
You see here 9 gold pieces.
Found a staircase to the Lair.
A sourceless malevolence fills the Dungeon...
With a horrendous wail, an alarm goes off!
A sentinel's mark forms upon you.
You hear an angry hiss.
You hear a shout!
You hear a roar!
You hear a shout! x3
You hear a roar!
You hear an angry buzzing noise.
You hear a roar!
A steam dragon comes into view.
A hornet comes into view.
You have got your breath back.
The steam dragon breathes steam at you. The ball of steam misses you.
The hornet attacks as you move away! The hornet stings you!
The hornet is engulfed in a cloud of scalding steam.
The hornet attacks as you move away! The hornet stings you.
An acid dragon comes into view.
The hornet misses you.
There is a stone staircase leading up here.
The hornet stings you. The acid dragon spits acid at you.
The splash of acid hits you!!!
Ouch! That really hurt!
The acid corrodes you! The hornet stings you!
You die...

. .. . #.# .# ##.
#.#### !..#..
.....
......####..#####.
..................
##.....§...$.#..
#....@y..........
#.###.##D.##.#...
.. #.##..# .#...
#.###D...§#....#
......##D#..#
##..........##.#
.##...............
...........#.#.#.#
#..............


You could see a hornet, a steam dragon and an acid dragon (catching breath).

Vanquished Creatures
  Prince Ribbit (Bailey)
  5 humans (Bailey)
  A steam dragon (D:7)
  An ice beast (D:5)
  2 water moccasins (D:7)
  3 sky beasts
  A black bear (D:7)
  An ogre (D:4)
  2 phantoms (D:5)
  2 kobold brigands
  12 bullfrogs
  2 scorpions (D:5)
  5 wights (D:8)
  A howler monkey (D:5)
  7 hounds
  3 sleepcaps
  Crazy Yiuf (D:7)
  2 iguanas
  3 orc wizards
  A gnoll (Bailey)
  6 adders
  3 white imps
  A worm (D:4)
  3 dart slugs
  32 orcs
  4 ball pythons
  7 bats
  4 endoplasms
  7 giant cockroaches
  4 goblins (D:4)
  5 hobgoblins
  17 kobolds
  A quokka (D:1)
  2 frilled lizards (D:1)
  6 rats
158 creatures vanquished.

Vanquished Creatures (others)
  A kobold (D:6)
  79 foxfires
80 creatures vanquished.

Grand Total: 238 creatures vanquished

Notes
Turn   | Place    | Note
-------+----------+-------------------------------------------
     0 | D:1      | Arcadio the Draconian Fire Elementalist began the quest for
                  | the Orb.
     0 | D:1      | Reached XP level 1. HP: 14/14 MP: 3/3
   141 | D:1      | Got the Octavo of Flashy Earth
   206 | D:1      | Got the Codex of Voltaic Earth
   352 | D:1      | Reached XP level 2. HP: 20/20 MP: 5/5
   942 | D:1      | Learned a level 2 spell: Scorch
  1001 | D:2      | Found a faded altar of an unknown god.
  1281 | D:2      | Reached XP level 3. HP: 26/26 MP: 6/6
  1764 | D:3      | Reached XP level 4. HP: 29/33 MP: 7/7
  1847 | D:3      | Found a shadowy altar of Dithmenos.
  3012 | D:4      | Reached XP level 5. HP: 25/38 MP: 0/9
  3402 | D:4      | Noticed an ogre
  3520 | D:4      | Identified the +11 hand axe of Nul Cao {antimagic, Drain
                  | Will+++ Int+3}
  3599 | D:4      | Killed an ogre
  3600 | D:4      | Reached XP level 6. HP: 45/45 MP: 3/11
  3790 | D:5      | Entered Level 5 of the Dungeon
  4088 | D:5      | Learned a level 3 spell: Inner Flame
  4093 | D:5      | Learned a level 4 spell: Flame Wave
  4193 | D:5      | Your scales start taking on a lurid green colour.
  4193 | D:5      | Reached XP level 7. HP: 50/50 MP: 5/13
  4193 | D:5      | Gained mutation: Your system is resistant to poisons.
                  | (rPois) [Green Draconian growth]
  4345 | D:5      | Reached skill level 5 in Fire Magic
  5167 | D:5      | Reached XP level 8. HP: 46/57 MP: 15/15
  5211 | D:5      | Reached skill level 5 in Spellcasting
  5614 | D:6      | Reached skill level 5 in Dodging
  5864 | D:6      | Found the crystal ball of Wucad Mu {*channel}
  6030 | D:6      | Found Suerhyxt's Book Emporium.
  6702 | D:7      | Found Jylypoff's Magic Scroll Boutique.
  6710 | D:7      | Bought a scroll of teleportation for 42 gold pieces
  6710 | D:7      | Bought a scroll of enchant weapon for 105 gold pieces
  6710 | D:7      | Bought a scroll of identify for 28 gold pieces
  6710 | D:7      | Bought a scroll of magic mapping for 105 gold pieces
  6721 | D:7      | Found a staircase to the Ecumenical Temple.
  6747 | D:7      | Learned a level 5 spell: Fireball
  6749 | D:7      | Learned a level 1 spell: Apportation
  6751 | Temple   | Entered the Ecumenical Temple
  6960 | Temple   | Became a worshipper of Vehumet
  7438 | D:7      | Found a runed translucent door.
  7439 | D:7      | Noticed Crazy Yiuf
  7585 | D:7      | Reached XP level 9. HP: 62/62 MP: 10/18
  7836 | D:7      | Killed Crazy Yiuf
  7947 | D:8      | Found a flagged portal.
  7959 | Bailey   | Entered a bailey
  8223 | Bailey   | Reached skill level 1 in Fighting
  8382 | Bailey   | Reached * piety under Vehumet
  8382 | Bailey   | Offered knowledge of Sandblast by Vehumet.
  8522 | Bailey   | Reached skill level 5 in Conjurations
  8973 | Bailey   | Noticed Prince Ribbit
  8981 | Bailey   | Killed Prince Ribbit
  9025 | Bailey   | Noticed a vault guard
  9356 | D:8      | Found a glowing golden altar of the Shining One.
  9418 | D:8      | You fall into a shaft and drop 2 floors!
  9418 | D:10     | Entered Level 10 of the Dungeon
  9516 | D:10     | Noticed a gargoyle
  9541 | D:10     | Found a staircase to the Lair.
  9560 | D:10     | Slain by a hornet

Illustrated notes

Levels and vault maps discovered:
D:1:      dpeg_arrival_leaves_temple_mockup, layout_basic, minmay_statues_item,
          dk_noncrumbling_4, nrook_uturn
D:2:      layout_basic, dreamdust_ecumenical_altar_statues
D:3:      layout_basic, nicolae_dithmenos_through_a_glass_darkly
D:4:      layout_loops_ring, minmay_misc_feat_iff
D:5:      layout_gridville
D:6:      layout_cave_pools, serial_shops, shop, grunt_tough_drop
D:7:      layout_loops_cross, minmay_temple_entry_offerings, serial_shops, shop,
          uniq_crazy_yiuf_cottage
D:8:      layout_loops_ring, tso_metal_star,
          mainiacjoe_overflow_large_starburst, nicolae_uskayaw_dance_studio,
          enter_bailey_2, serial_shops, nicolae_shop_hallway_plus
D:10:     minmay_distorted_concentric_squares, layout_loops_ring
Temple:   bh_familiar_temple

Skill      XL: |  1  2  3  4  5  6  7  8  9 |
---------------+----------------------------+-----
Dodging        | 2 3 4 6 7 |  7.3
Conjurations   | 2 3 5 |  5.5
Spellcasting   | 3 4 6 7 |  7.4
Fire Magic     | 4 5 7 |  7.1
Fighting       | 3 |  3.6
Stealth        | |  1.9

Action                     |  1- 3 |  4- 6 |  7- 9 || total
---------------------------+-------+-------+-------++-------
  Melee: Short sword       |    62 |    93 |   134 ||   289
         Unarmed           |     2 |       |       ||     2
         Tailslap          |     4 |    13 |    19 ||    36
         Punch             |     1 |     1 |     2 ||     4
         Whip              |       |       |     1 ||     1
   Cast: Foxfire           |     8 |    19 |    22 ||    49
         Scorch            |       |    25 |   124 ||   149
         Inner Flame       |       |       |     1 ||     1
         Flame Wave        |       |       |     4 ||     4
Ability: Breathe Noxious F |       |       |     2 ||     2
    Use: Scroll            |     7 |     2 |     3 ||    12
         Potion            |       |       |     1 ||     1
   Stab: Sleeping          |     5 |     3 |       ||     8
 Armour: Skin              |    24 |    35 |    80 ||   139
  Dodge: Dodged            |    31 |    55 |   160 ||   246
